 Dungeon Crawl Stone Soup version 0.18-a0-1088-g34ef3a2 (webtiles) character file.

845 Ijustatesigmund the Schismatic (level 7, 0/56 HPs)
             Began as a Demonspawn Abyssal Knight on Jan 15, 2016.
             Was an Elder of Lugonu.
             Succumbed to a scorpion's poison
             ... in an ossuary.
             The game lasted 00:12:03 (4526 turns).

Ijustatesigmund the Schismatic (DsAK)               Turns: 4526, Time: 00:12:04

Health: 0/56       AC: 10    Str: 12    XL:     7   Next: 68%
Magic:  7/11       EV:  9    Int: 13    God:    Lugonu [****..]
Gold:   196        SH:  0    Dex: 19    Spells: 0 memorised, 6 levels left

rFire  . . .     SeeInvis .     l - +7 club
rCold  + . .     Gourm    .     g - +0 ring mail
rNeg   . . .     Faith    +     (no shield)
rPois  .         Spirit   .     (no helmet)
rElec  .         Dismiss  .     m - +0 cloak
rCorr  +         Reflect  .     (no gloves)
SustAt .         Harm     .     k - +0 pair of boots
MR     .....                    r - amulet of faith
Stlth  +.........               n - ring of resist corrosion
                                j - +4 ring of dexterity

@: lethally poisoned (0 -> -4), not resistant to hostile enchantments, very
unstealthy
A: molten scales 2, cold resistance 1
a: Depart the Abyss, Bend Space, Banish, Corrupt, Renounce Religion


You were in an ossuary.
You worshipped Lugonu.
Lugonu was greatly pleased with you.
You were not hungry.

You visited 1 branch of the dungeon, and saw 5 of its levels.
You visited the Abyss 1 time.
You also visited: Ossuary.

You collected 196 gold pieces.

Inventory:

Hand Weapons
 a - a +1 mace
 h - a +3 quarterstaff of chaos
 l - a +7 club (weapon)
Missiles
 s - 5 silver javelins (quivered)
Armour
 b - a +0 leather armour
 e - a +0 shield
 g - a +0 ring mail (worn)
 k - a +0 pair of boots (worn)
 m - a +0 cloak (worn)
Jewellery
 j - a +4 ring of dexterity (left hand)
 n - a ring of resist corrosion (right hand)
 r - an amulet of faith (around neck)
Scrolls
 c - a scroll of fog {unknown}
 i - a scroll of amnesia
 q - a scroll of identify
 t - a scroll of remove curse
Potions
 f - a potion of cancellation
Comestibles
 d - a beef jerky
 o - 3 meat rations
 v - a royal jelly


   Skills:
 + Level 5.4 Fighting
 * Level 5.8 Maces & Flails
 - Level 1.7 Armour
 - Level 0.8 Dodging
 + Level 6.0 Invocations


You had 6 spell levels left.
You didn't know any spells.

Dungeon Overview and Level Annotations

Branches:
Dungeon (5/15)
 Temple: D:4-7

Altars:
Elyvilon
Ru

Annotations:
D:1 1 runed door
D:3 Sigmund


Innate Abilities, Weirdness & Mutations

You are mostly covered in molten scales (AC +3, EV -1).
Your flesh is cold resistant.


Message History

* * * LOW HITPOINT WARNING * * *
You feel sick.
The scorpion stings you but does no damage.
You are very lightly contaminated with residual magic.
Drink which item? (? for menu, Esc to quit)
You can't drink that!
Read which item? (? for menu, Esc to quit)
Okay, then.
Press: ? - help, Shift-Dir - straight line, f - scorpion
Aim: a scorpion (chance to defeat MR: 78%)
The scorpion is devoured by a tear in reality.
Lugonu claims a new guest.
You feel somewhat more hungry. The gnoll zombie hits you.
* * * LOW HITPOINT WARNING * * *
Drink which item? (? for menu, Esc to quit)
Your magical effects are unravelling.
Your magical contamination has completely faded away.
You feel magically purged.
You feel yourself slow down.
You die...

################
#...#...#...#...
..'..§8...'.. #.Z§§...#
##+###8@..8###########+#
#!.!#.......#...#...#.!?
#?..#...8...#...8...#!.=
#??M#...#...#.......#M?!
##########'###8...8#####
#...#...#...#.......#.^^
#..^'...'...#...8...'...
#^..#...#...#...#...#...
##'###########'#######'#


You could see a gnoll zombie.

Vanquished Creatures
  4 scorpions (Ossuary)
  2 centaur zombies (Ossuary)
  Crazy Yiuf (D:2)
  2 hounds
  Ijyb (D:2)
  An iguana (D:4)
  6 worker ants
  A killer bee zombie (D:4)
  A hound skeleton (D:4)
  3 mummies
  Robin (D:2)
  3 adders
  2 gnolls (D:4)
  5 scorpion zombies (Ossuary)
  3 worms
  2 giant geckos
  2 orcs
  6 giant cockroaches
  6 hobgoblins
  4 jackals (D:1)
  5 kobolds
  A quokka (D:2)
  5 bats
  A giant gecko skeleton (D:4)
  3 giant newts
  2 gnoll zombies (Ossuary)
  20 goblins
  A goblin zombie (Ossuary)
  2 hobgoblin zombies (Ossuary)
  A jackal skeleton (D:5)
  3 kobold zombies
  4 orc zombies
  5 rats
  A fungus (D:2)
110 creatures vanquished.

Vanquished Creatures (others)
  A scorpion (Ossuary)
  A mummy (Ossuary)
  A goblin (D:2)
  A kobold zombie (Ossuary)
4 creatures vanquished.

Grand Total: 114 creatures vanquished

Notes
Turn   | Place    | Note
--------------------------------------------------------------
     0 | Abyss:1  | Ijustatesigmund the Demonspawn Abyssal Knight began the quest for the Orb.
     0 | Abyss:1  | Reached XP level 1. HP: 18/18 MP: 2/2
    22 | D:1      | Escaped the Abyss
    24 | D:1      | Found a runed door.
   293 | D:1      | Gained mutation: You are partially covered in molten scales (AC +1). [demonic ancestry]
   293 | D:1      | Reached XP level 2. HP: 18/24 MP: 4/4
   754 | D:1      | Reached ** piety under Lugonu
   961 | D:2      | Found a white marble altar of Elyvilon.
  1023 | D:2      | Reached XP level 3. HP: 15/29 MP: 5/5
  1819 | D:2      | Noticed Ijyb
  1842 | D:2      | Killed Ijyb
  1842 | D:2      | Gained mutation: Your flesh is cold resistant. [demonic ancestry]
  1842 | D:2      | Reached XP level 4. HP: 8/35 MP: 6/6
  2334 | D:2      | Noticed Crazy Yiuf
  2343 | D:2      | Killed Crazy Yiuf
  2343 | D:2      | Reached skill level 4 in Invocations
  2557 | D:3      | Noticed Robin
  2563 | D:2      | Killed Robin
  2563 | D:2      | Reached XP level 5. HP: 34/42 MP: 8/8
  2716 | D:3      | Noticed Sigmund
  2737 | D:3      | Reached *** piety under Lugonu
  2889 | D:4      | Found a sacrificial altar of Ru.
  3271 | D:4      | Gained mutation: You are mostly covered in molten scales (AC +3, EV -1). [demonic ancestry]
  3271 | D:4      | Reached XP level 6. HP: 42/48 MP: 9/9
  3518 | D:5      | Entered Level 5 of the Dungeon
  3538 | D:5      | Reached skill level 5 in Invocations
  3677 | D:5      | Found a sand-covered staircase.
  3685 | D:5      | Reached **** piety under Lugonu
  3688 | Ossuary  | Entered an ossuary
  3854 | Ossuary  | Reached skill level 5 in Maces & Flails
  3854 | Ossuary  | Reached XP level 7. HP: 49/55 MP: 9/11
  3919 | Ossuary  | Reached skill level 5 in Fighting
  4431 | Ossuary  | Reached skill level 6 in Invocations
  4525 | Ossuary  | HP: 1/56 [gnoll zombie (2)]
  4526 | Ossuary  | Succumbed to a scorpion's poison

Vault maps used:
D:1:      dpeg_arrival_caged_fury, roderic_roman_lattice
D:2:      kennysheep_the_goblin_king, minmay_misc_feat_hallway,
          elyvilon_altar_5, uniq_crazy_yiuf_cottage
D:3:      lemuel_zombie_altar_kikubaaqudgha, st_stairs_8,
          lemuel_altar_in_water2, uniq_robin, uniq_sigmund, uniq_iyjb
D:4:      old_standard_altar, minmay_temple_entry_trees,
          nicolae_ru_sacrificial_ziggurat
D:5:      fedhas_altar_1, nicolae_ossuary_entry_giza, first_bread,
          roderic_malta_cross, minmay_crystal_room, nicolae_zen_rock_garden,
          minmay_misc_feat_tiny, uniq_prince_ribbit1
Ossuary:  ossuary_minmay_scorpions

Action                   |  1- 3 |  4- 6 |  7- 9 || total
-------------------------+-------+-------+-------++-------
Melee: Mace              |   121 |     3 |       ||   124
       Club              |       |   176 |   100 ||   276
Throw: Javelin           |     7 |     8 |       ||    15
Invok: Bend Space        |       |     1 |       ||     1
       Banish            |       |       |     1 ||     1
  Use: Scroll            |     4 |     1 |     2 ||     7
       Potion            |     2 |     4 |     2 ||     8
 Stab: Invisible         |       |     1 |       ||     1
  Eat: Chunk             |     2 |     6 |       ||     8
       Bread ration      |       |     1 |       ||     1
       Pizza             |       |     1 |       ||     1
